 Dungeon Crawl Stone Soup version 0.24.0-125-gc4c63601f3 (webtiles) character file.

Game seed: 12676742657012658161, levelgen mode: deterministic

2 Kohma the Slasher (level 1, -9/23 HPs)
             Began as a Gnoll Chaos Knight on Feb 22, 2020.
             Was a Plaything of Xom.
             Engulfed by a fire crab (shapeshifter)'s flame (23 damage)
             ... on level 1 of the Dungeon.
             The game lasted 00:00:50 (208 turns).

Kohma the Slasher (Gnoll Chaos Knight)               Turns: 208, Time: 00:00:51

Health: -9/23      AC:  6    Str: 17    XL:     1   Next: 40%
Magic:  1/1        EV: 12    Int: 19    God:    Xom [..*...]
Gold:   19         SH:  0    Dex: 14    Spells: 0/0 levels left

rFire    . . .     SeeInvis .   a - +0 falchion (chaos)
rCold    . . .     Gourm    .   (no shield)
rNeg     . . .     Faith    .   b - +2 leather armour
rPois    .         Spirit   .   (no helmet)
rElec    .         Reflect  .   (no cloak)
rCorr    .         Harm     .   g - +0 pair of gloves
MR       .....                  (no boots)
Stlth    +.........             (no amulet)
HPRegen  0.07/turn              f - +3 ring of strength
MPRegen  0.07/turn              (no ring)

@: brilliant
A: distributed training, fangs 1, strong nose
a: Renounce Religion


You were on level 1 of the Dungeon.
You worshipped Xom.
You were a toy of Xom.
You were not hungry.

You visited 1 branch of the dungeon, and saw 1 of its levels.

You collected 19 gold pieces.

Inventory:

Hand Weapons
 a - a +0 falchion of chaos (weapon)
Missiles
 h - 30 arrows
 i - 17 stones (quivered)
Armour
 b - a +2 leather armour (worn)
 g - a +0 pair of gloves (worn)
Jewellery
 f - a +3 ring of strength (left hand)
Scrolls
 e - a scroll of identify {unknown}
 l - a scroll of teleportation {unknown}
Comestibles
 c - 2 rations
 j - a chunk of flesh


   Skills:
 + Level 6.4 Fighting
 + Level 0.0 Short Blades
 + Level 6.4 Long Blades
 + Level 0.0 Axes
 + Level 0.0 Maces & Flails
 + Level 0.0 Polearms
 + Level 0.0 Staves
 + Level 0.0 Slings
 + Level 0.0 Bows
 + Level 0.0 Crossbows
 + Level 0.0 Throwing
 + Level 4.4 Armour
 + Level 2.3 Dodging
 + Level 0.0 Stealth
 + Level 0.0 Shields
 + Level 0.0 Unarmed Combat
 + Level 0.0 Spellcasting
 + Level 0.0 Conjurations
 + Level 0.0 Hexes
 + Level 0.0 Charms
 + Level 0.0 Summonings
 + Level 0.0 Necromancy
 + Level 0.0 Translocations
 + Level 0.0 Transmutations
 + Level 0.0 Fire Magic
 + Level 0.0 Ice Magic
 + Level 0.0 Air Magic
 + Level 0.0 Earth Magic
 + Level 0.0 Poison Magic
 + Level 0.1 Invocations
 + Level 0.0 Evocations


You couldn't memorise any spells.
You didn't know any spells.
Your spell library was empty.

Dungeon Overview and Level Annotations

Branches:
Dungeon (1/15)

Altars:


Innate Abilities, Weirdness & Mutations

Your experience applies equally to all skills.
You have very sharp teeth.
Your uncanny sense of smell can sniff out nearby items.


Message History

You hit the fire crab.
The fire crab is moving more slowly.
You bite the fire crab, but do no damage.
The fire crab is lightly wounded.
The fire crab bites you.
You are engulfed in flames!
Ouch! That really hurt!
* * * LOW HITPOINT WARNING * * *
The fire crab claws you.
* * * LOW HITPOINT WARNING * * *
Xom roars with laughter!
You are engulfed in flames!
Ouch! That really hurt!
You die...
Xom is feeling generous.
Xom revives you!
It was a potion of curing.
You feel better.
You feel less invigorated. The fire crab breathes flames at you.
The blast of flame engulfs you.
You are engulfed in blazing flames.
Ouch! That really hurt!
You die...
Xom chortles!

#### #......... #.........
########### ###.........
........... ....#.......
###...#### #.#.#.......
#...# #.#○#.......
###...##########○#○........
...............○@○t.>......
......##########○##........
......# #○#.........
......# #.#....[.)..
......# #.#.......#.
......# #.#.......# #######
#.#....?..# #.####...##


You could see a fire crab shaped shifter (petrifying).

Vanquished Creatures
  A bat (D:1)
  A frilled lizard (D:1)
  A goblin (D:1)
  A rat (D:1)
4 creatures vanquished.

Notes
Turn   | Place    | Note
-------+----------+-------------------------------------------
     0 | D:1      | Kohma the Gnoll Chaos Knight began the quest for the Orb.
     0 | D:1      | Reached XP level 1. HP: 23/23 MP: 1/1
   139 | D:1      | XOM: divination: magic mapping
   196 | D:1      | XOM: harmless Conj miscast
   199 | D:1      | Noticed a shapeshifter
   199 | D:1      | a bat changed into a shapeshifter
   199 | D:1      | Noticed a jumping spider
   199 | D:1      | a shapeshifter changed into a jumping spider
   200 | D:1      | XOM: potion effect (brilliance)
   205 | D:1      | Noticed a fire crab
   205 | D:1      | a jumping spider changed into a fire crab
   206 | D:1      | HP: 1/23 [fire crab (shapeshifter) (5)]
   206 | D:1      | Xom revived you
   208 | D:1      | Engulfed by a fire crab (shapeshifter)'s flame

Levels and vault maps discovered:
D:1:      lightli_molten_gateway, layout_basic

Action                   || total
-------------------------++-------
Melee: Falchion          ||    14
       Bite              ||     2
  Use: Potion            ||     2
Armor: Leather armour    ||     3
Dodge: Dodged            ||     9
       Rpst.: Falchion   ||     4
